 Dungeon Crawl Stone Soup version 0.29.0-11-gd7f09526c8 (webtiles) character file.

Game seed: 8955238352868676883

297 sanka the Insei (level 6, -7/52 HPs)
             Began as a Draconian Monk on Sept 2, 2022.
             Succumbed to their own poison gas
             ... on level 6 of the Dungeon.
             The game lasted 00:07:01 (4488 turns).

sanka the Insei (Draconian Monk)                    Turns: 4488, Time: 00:07:02

Health: -7/52      AC:  6    Str: 13    XL:     6   Next: 12%
Magic:  4/6        EV: 13    Int: 12    God:
Gold:   190        SH:  0    Dex: 14    Spells: 5/5 levels left

rFire   . . .      SeeInvis .     - Unarmed
rCold   . . .      Faith    .   (no shield)
rNeg    . . .      Spirit   +   (body armour unavailable)
rPois   .          Reflect  .   (helmet restricted)
rElec   .          Harm     .   (no cloak)
rCorr   .          Rampage  .   (no gloves)
Will    .....                   (no boots)
Stlth   +.........              j - amulet of guardian spirit
HPRegen 0.17/turn               (no ring)
MPRegen 0.10/turn               (no ring)

@: confused, lethally poisoned (-7 -> -70), ambrosia-drunk
A: AC +6, unfitting armour, cold-blooded
a: no special abilities


You were on level 6 of the Dungeon.
You visited 1 branch of the dungeon, and saw 6 of its levels.

You collected 190 gold pieces.


Innate Abilities, Weirdness & Mutations

Your plain brown scales are hard. (AC +6)
You cannot fit into any form of body armour.
You are cold-blooded and may be slowed by cold attacks.


   Skills:
 - Level 4.0 Fighting
 - Level 3.0 Dodging
 - Level 2.0 Stealth
 + Level 6.4 Unarmed Combat


You had 5 spell levels left.
You didn't know any spells.
Your spell library contained the following spells:

 Spells                   Type           Power      Damage    Failure   Level
 Magic Dart               Conj           0%         1d3       32%         1
 Searing Ray              Conj           0%         2d4       45%         2
 Stone Arrow              Conj/Erth      0%         3d7       69%         3
 Fulminant Prism          Conj/Hex       0%         3d6       97%         4
 Lehudib's Crystal Spear  Conj/Erth      0%         10d2      100%        8
 Animate Armour           Summ/Erth      Unusable   N/A       N/A         4

Inventory:

Jewellery
 j - an amulet of guardian spirit (around neck)
 p - a ring of ice
Scrolls
 b - 2 scrolls of amnesia
 e - a scroll of magic mapping {unknown}
 g - 2 scrolls of enchant armour
 h - 2 scrolls of immolation {unknown}
 k - a scroll of enchant weapon
 s - 2 scrolls of poison {!r}
 t - a scroll of blinking {unknown}
Potions
 c - a potion of curing {unknown}
 d - a potion of lignification {unknown}
 f - 2 potions of heal wounds {@q2}
 i - a potion of cancellation {unknown}
 n - a potion of haste {unknown}
 q - a potion of resistance {unknown}
 r - 2 potions of might {unknown}

Dungeon Overview and Level Annotations

Branches:
Dungeon (6/15)
 Temple: D:4-7

Altars:
Vehumet

Shops:
D:1 ![[

Annotations:
D:4 Eustachio, Natasha, Sigmund
D:5 Pikel

▒▒▒▒▒▒▒▒▒
▒#######▒
▒#######▒
▒#######▒
▒#######▒
▒#######▒
▒#######▒ ▒▒▒▒
▒#d.g.##▒▒....
▒#######▒..▒
▒########.▒
▒########▒.▒
▒▒▒▒▒▒▒##▒ .▒
▒.....▒#▒ .
▒.....▒.▒
▒.<...▒.▒
▒.....▒..


You could see a gnoll sergeant.


Message History

Really read
s - 3 scrolls of poison {!r}?
Really read the scroll of poison?
The air fills with toxic fumes!
As you read the scroll of poison {!r}, it crumbles to dust.
You feel sick.
The gnoll sergeant hits you from afar with a +0 trident of venom!
* * * LOW HITPOINT WARNING * * *
You are lethally poisoned!
Unknown command.
Unknown command.
Unknown command.
* * * LOW HITPOINT WARNING * * *
You feel very sick.
The gnoll sergeant hits you from afar with a +0 trident of venom.
* * * LOW HITPOINT WARNING * * *
You are more poisoned.
Really walk into that cloud of poison gas?
You are engulfed in poison gas.
You are more poisoned.
* * * LOW HITPOINT WARNING * * *
* * * LOW HITPOINT WARNING * * *
You feel extremely sick.
Unknown command.
Unknown command.
You are confused.
You feel invigorated.
You are engulfed in poison gas.
You are more poisoned.
* * * LOW HITPOINT WARNING * * *
You die...

Action                   |  1- 3 |  4- 6 || total
-------------------------+-------+-------++-------
Melee: Unarmed           |   171 |   191 ||   362
       Tailslap          |    19 |    21 ||    40
       Punch             |       |     4 ||     4
  Use: Scroll            |       |     9 ||     9
       Potion            |       |     3 ||     3
 Stab: Sleeping          |     6 |     4 ||    10
Armor: Skin              |    50 |    71 ||   121
Dodge: Dodged            |   112 |   150 ||   262

Levels and vault maps discovered:
D:1:      dpeg_arrival_lava_altar, layout_basic, serial_shops, shop,
          nicolae_shop_trees, nicolae_shop_temple_entry_statues_fountains,
          minmay_misc_feat_iff
D:2:      layout_basic, basic_altar
D:3:      layout_basic, hangedman_decor_opposing, uniq_jessica
D:4:      layout_basic, nicolae_grassy_gnolls, uniq_eustachio, uniq_natasha,
          uniq_blork_the_orc, uniq_sigmund
D:5:      layout_basic, minmay_temple_entry_statues_pillars, serial_shops,
          shop_fountains, uniq_ijyb, uniq_pikel, uniq_edmund
D:6:      layout_gridville, minmay_circle_x

Notes
Turn   | Place    | Note
-------+----------+-------------------------------------------
     0 | D:1      | sanka the Draconian Monk began the quest for the Orb.
     0 | D:1      | Reached XP level 1. HP: 19/19 MP: 1/1
    89 | D:1      | Found Xuvones's Distillery.
   133 | D:1      | Reached skill level 2 in Stealth
   292 | D:1      | Reached XP level 2. HP: 23/26 MP: 2/2
   532 | D:1      | Found Wixaew's Antique Armour Boutique.
   633 | D:1      | Found Maraorem's Armour Emporium.
  1053 | D:2      | Reached skill level 3 in Dodging
  1234 | D:2      | Reached XP level 3. HP: 23/33 MP: 3/3
  1410 | D:2      | Reached skill level 4 in Fighting
  1470 | D:2      | Noticed a necrophage
  1906 | D:2      | Found a radiant altar of Vehumet.
  1978 | D:2      | Reached skill level 4 in Unarmed Combat
  2360 | D:3      | Reached XP level 4. HP: 33/40 MP: 4/4
  2661 | D:3      | Noticed Jessica
  2670 | D:3      | Killed Jessica
  2949 | D:3      | Reached skill level 5 in Unarmed Combat
  3221 | D:3      | Reached XP level 5. HP: 46/46 MP: 5/5
  3442 | D:4      | Noticed Natasha
  3471 | D:4      | Killed Natasha
  3680 | D:4      | Noticed Eustachio
  3694 | D:4      | Noticed Natasha
  4173 | D:4      | Noticed Sigmund
  4197 | D:5      | Entered Level 5 of the Dungeon
  4197 | D:5      | Noticed Pikel
  4197 | D:5      | Noticed a lemure
  4197 | D:5      | Noticed a lemure
  4197 | D:5      | Noticed a lemure
  4204 | D:5      | Noticed a phantom
  4207 | D:5      | Noticed a lemure
  4235 | D:5      | Reached skill level 6 in Unarmed Combat
  4270 | D:5      | Reached XP level 6. HP: 20/52 MP: 3/6
  4311 | D:5      | Noticed an orc warrior
  4487 | D:6      | HP: 4/52 [poisoned by you (poison gas)]
  4488 | D:6      | Succumbed to their own poison gas

Vanquished Creatures
  A necrophage (D:5)
  A hound (D:5)
  Jessica (D:3)
  Natasha (D:4)
  7 adders
  An ufetubus (D:5)
  3 worms
  A dart slug (D:2)
  2 orcs (D:3)
  7 endoplasms
  A giant cockroach (D:3)
  9 goblins
  10 hobgoblins
  4 jackals (D:3)
  2 quokkas (D:3)
  4 ball pythons
  5 bats
  5 frilled lizards
  7 kobolds
  7 rats
79 creatures vanquished.
